AoeStats
← wqq1997

Black Forest

509887382Analyzed
4v4 RM · 3d ago on Sep 28, 2026· 41m 29s· 8 players
Game mode
Random Map
Map size
Large (8 player)
Population
200
Speed
Normal
Resources
Standard
Victory
Conquest
Starting age
Dark Age
Ending age
Imperial Age
RankedLock teamsTeams togetherTeam positionsShared explorationLock speedFull tech treeHidden civsTurbo modeCheats
Victory
Defeat
🇨🇳 Persians · China
1200
+12
🇨🇳 Persians · China
1159
+14
🇭🇰 Khmer · Hong Kong SAR China
1156
+14
🇮🇳 Lithuanians · India
1110
+16
🇨🇳 Bengalis · China
1188
-18
🇮🇳 Bohemians · India
1106
-14
🇨🇳 Khmer · China
1093
-13
🇨🇳 Teutons · China
1031
-11
wilsonso35
0:48 Loom
12:13 Feudal Age
14:05 Wheelbarrow
13:18 Double-Bit Axe
13:26 Horse Collar
14:11 Gold Mining
18:23 Castle Age
19:25 Hand Cart
19:12 Heavy Plow
19:36 Bow Saw
20:27 Stone Mining
21:29 Town Watch
25:07 Gold Shaft Mining
25:05 Bloodlines
25:44 Stone Shaft Mining
26:21 Husbandry
33:54 Imperial Age
32:50 Scale Barding Armor
33:12 Caravan
34:06 Chain Barding Armor
34:33 Town Patrol
35:24 Conscription
36:24 Chemistry
36:21 Double Crossbow
37:07 Masonry
37:12 Light Cavalry
38:42 Plate Barding Armor
39:58 Crop Rotation
40:47 Ballistics
40:56 Siege Engineers
40:48 Elite Ballista Elephant
大理段正纯
10:12 Feudal Age
14:48 Castle Age
13:28 Double-Bit Axe
14:46 Horse Collar
16:28 Wheelbarrow
22:31 Heavy Plow
22:54 Bow Saw
23:15 Stone Mining
25:11 Stone Shaft Mining
25:15 Hand Cart
26:33 Gold Mining
28:52 Gold Shaft Mining
31:23 Imperial Age
30:29 Loom
30:30 Town Watch
31:04 Scale Barding Armor
31:10 Forging
31:07 Husbandry
31:18 Bloodlines
32:19 Chain Barding Armor
32:31 Conscription
31:34 Elite War Elephant
32:32 Town Patrol
32:37 Devotion
33:17 Iron Casting
34:46 Plate Barding Armor
34:45 Crop Rotation
35:09 Citadels
36:24 Two-Man Saw
37:19 Blast Furnace
36:10 Fletching
39:52 Faith
39:31 Bodkin Arrow
40:02 Ballistics
40:43 Chemistry
39:55 Masonry
LIGHTYRIX
0:51 Loom
10:52 Feudal Age
15:36 Castle Age
14:59 Double-Bit Axe
14:55 Horse Collar
15:57 Fletching
17:44 Town Watch
18:33 Bodkin Arrow
29:45 Bow Saw
29:55 Heavy Plow
34:41 Imperial Age
33:06 Wheelbarrow
33:05 Town Patrol
34:08 Gold Mining
34:10 Stone Mining
34:38 Hand Cart
34:35 Forging
34:25 Scale Mail Armor
36:33 Iron Casting
36:14 Chain Mail Armor
36:04 Bracer
36:04 Padded Archer Armor
36:56 Onager
37:17 Pikeman
37:43 Arson
37:59 Squires
38:25 Halberdier
40:28 Two-Man Saw
40:07 Stone Shaft Mining
39:27 Man-at-Arms
40:11 Long Swordsman
Bz-8168948
7:00 Loom
12:12 Feudal Age
13:00 Double-Bit Axe
15:59 Castle Age
14:12 Horse Collar
18:08 Bow Saw
19:27 Wheelbarrow
21:54 Heavy Plow
24:49 Gold Mining
24:49 Stone Mining
25:59 Hand Cart
26:49 Gold Shaft Mining
26:51 Stone Shaft Mining
30:02 Imperial Age
28:24 Forging
28:20 Scale Barding Armor
29:10 Caravan
29:40 Coinage
29:56 Masonry
30:42 Chain Barding Armor
31:38 Iron Casting
31:44 Crop Rotation
32:23 Two-Man Saw
32:18 Conscription
33:00 Plate Barding Armor
33:53 Blast Furnace
33:29 Fletching
34:09 Ballistics
34:50 Chemistry
34:21 Architecture
34:28 Citadels
34:24 Elite War Elephant
36:10 Guilds
36:24 Bodkin Arrow
38:08 Bloodlines
37:59 Husbandry
伊御
11:39 Feudal Age
15:18 Castle Age
13:35 Double-Bit Axe
14:31 Horse Collar
17:38 Bow Saw
17:57 Heavy Plow
21:48 Wheelbarrow
25:12 Gold Mining
26:48 Gold Shaft Mining
28:34 Ballistics
28:07 Fletching
28:13 Stone Mining
31:56 Imperial Age
29:46 Hand Cart
29:16 Loom
30:51 Bodkin Arrow
30:57 Padded Archer Armor
33:56 Two-Man Saw
32:41 Elite Elephant Archer
32:48 Siege Elephant
33:42 Town Watch
35:00 Chemistry
34:02 Bracer
34:18 Leather Archer Armor
34:26 Conscription
36:08 Ring Archer Armor
37:11 Paiks
37:45 Scale Barding Armor
37:51 Forging
39:38 Chain Barding Armor
39:54 Iron Casting
39:41 Mahayana
40:10 Block Printing
40:32 Illumination
Blackwarlock07
11:00 Feudal Age
15:41 Castle Age
18:34 Loom
20:07 Horse Collar
20:16 Double-Bit Axe
21:21 Bow Saw
21:23 Heavy Plow
22:37 Bow Saw
31:18 Imperial Age
29:25 Wheelbarrow
28:37 Town Watch
30:43 Chemistry
30:04 Ballistics
31:37 Houfnice
33:09 Squires
34:06 Wagenburg Tactics
34:10 Padded Archer Armor
34:21 Forging
33:37 Pikeman
34:03 Arson
34:32 Murder Holes
35:02 Halberdier
37:31 Conscription
38:21 Iron Casting
37:48 Scale Mail Armor
38:49 Siege Engineers
wqq1997
0:58 Loom
14:23 Feudal Age
18:15 Double-Bit Axe
22:09 Castle Age
22:21 Stone Mining
24:41 Bow Saw
24:48 Horse Collar
26:48 Wheelbarrow
28:20 Heavy Plow
33:09 Gold Mining
34:47 Hand Cart
34:58 Fletching
35:47 Bodkin Arrow
36:08 Fortified Wall
36:09 Masonry
41:51 Imperial Age
39:28 Padded Archer Armor
39:46 Forging
mmm
1:54 Loom
11:50 Feudal Age
16:01 Castle Age
14:26 Double-Bit Axe
14:55 Horse Collar
17:16 Bow Saw
17:10 Heavy Plow
21:23 Wheelbarrow
24:42 Hand Cart
26:01 Gold Mining
27:43 Gold Shaft Mining
30:52 Imperial Age
28:39 Stone Mining
29:59 Scale Barding Armor
29:45 Fletching
30:22 Ballistics
30:16 Fortified Wall
31:13 Husbandry
31:24 Bloodlines
31:44 Chain Barding Armor
31:20 Bodkin Arrow
31:50 Town Watch
33:08 Chemistry
32:14 Siege Engineers
32:51 Conscription
31:53 Elite Ballista Elephant
32:35 Double Crossbow
33:37 Plate Barding Armor
33:24 Tusk Swords
34:03 Hoardings
37:54 Pikeman
38:21 Arson
38:44 Scale Mail Armor
38:55 Forging
Connection lost

Rejoining the realm…

Still unreachable

The connection could not be restored.

Session expired

The server has moved on; the page needs a fresh start.